 Dungeon Crawl Stone Soup version 0.31-a0-128-g25add195a6 (webtiles) character file.

Game seed: 10374401916855258678

169 Pimp the Shooter (level 5, 0/31 HPs)
             Began as a Deep Elf Hunter on June 1, 2023.
             Slain by a gnoll
             ... wielding a +1 spear of pain
              (1 damage)
             ... on level 4 of the Dungeon.
             The game lasted 00:05:11 (2938 turns).

Pimp the Shooter (Deep Elf Hunter)                  Turns: 2938, Time: 00:05:12

Health: 0/31       AC:  6    Str:  8    XL:     5   Next: 25%
Magic:  7/7        EV: 13    Int: 14    God:
Gold:   131        SH:  0    Dex: 20    Spells: 4/4 levels left

rFire   . . .        a - +1 shortbow
rCold   + . .        (shield currently unavailable)
rNeg    . . .        c - +0 leather armour
rPois   .            (no helmet)
rElec   .            (no cloak)
rCorr   .            k - +1 pair of gloves
SInv    .            i - +0 pair of boots
Will    .....        (no amulet)
Stlth   +++          j - ring of protection from cold
HPRegen 0.25/turn    (no ring)
MPRegen 0.10/turn

%: no passive effects
@: no status effects
A: no striking features
a: no special abilities


You were on level 4 of the Dungeon.
You visited 1 branch of the dungeon, and saw 4 of its levels.

You collected 213 gold pieces.
You spent 82 gold pieces at shops.

Inventory:

Hand Weapons
 a - a +1 shortbow (weapon)
Armour
 c - a +0 leather armour (worn)
 i - a +0 pair of boots (worn)
 k - a +1 pair of gloves (worn)
Magical Staves
 q - a staff of earth
Jewellery
 j - a ring of protection from cold (left hand)
 p - a ring of resist corrosion
Scrolls
 b - 2 scrolls of identify
 m - a scroll of magic mapping
 n - a scroll of acquirement {unknown}
Potions
 d - a potion of haste
 e - 4 potions of curing {unknown}
 f - 3 potions of brilliance {unknown}
 g - a potion of degeneration {unknown}
 h - 3 potions of might {unknown}
 l - 2 potions of cancellation {unknown}
 o - a potion of mutation {unknown}


   Skills:
 + Level 2.5 Fighting
 + Level 6.3 Ranged Weapons
 + Level 3.9 Dodging
 + Level 3.4 Stealth


You had 4 spell levels left.
You didn't know any spells.
Your spell library contained the following spells:

 Spells                   Type           Power      Damage    Failure   Level
 Lesser Beckoning         Tloc           0%         N/A       54%         2
 Anguish                  Hex/Necr       0%         N/A       99%         4
 Malign Gateway           Summ/Tloc      0%         N/A       100%        7


Dungeon Overview and Level Annotations

Branches:
Dungeon (4/15)
 Temple: D:4-7

Altars:

Shops:
D:1 !   D:2 *


Message History

Aim: a gnoll, wielding a +1 spear of pain (lightly wounded, 70% to hit)
You shoot an arrow. The arrow closely misses the gnoll.
The arrow hits the orc.
The orc is severely wounded.
The gnoll misses you.
Fire: a) +1 shortbow
Press: ? - help, Q - select action Shift-Dir - straight line, f/p - gnoll
Aim: a gnoll, wielding a +1 spear of pain (lightly wounded, 70% to hit)
You shoot an arrow. The arrow hits the gnoll.
The gnoll is heavily wounded.
The gnoll hits you but does no damage.
Fire: a) +1 shortbow
Press: ? - help, Q - select action Shift-Dir - straight line, f/p - gnoll
Aim: a gnoll, wielding a +1 spear of pain (heavily wounded, 70% to hit)
You shoot an arrow. The arrow hits the gnoll.
The gnoll is severely wounded.
The gnoll hits you from afar with a +1 spear of pain.
Fire: a) +1 shortbow
Press: ? - help, Q - select action Shift-Dir - straight line, f/p - gnoll
Aim: a gnoll, wielding a +1 spear of pain (severely wounded, 70% to hit)
You shoot an arrow.
The arrow hits the gnoll but does no damage.
The gnoll is severely wounded.
The gnoll hits you from afar with a +1 spear of pain.
Unknown command.
Fire: a) +1 shortbow
Press: ? - help, Q - select action Shift-Dir - straight line, f/p - gnoll
Aim: a gnoll, wielding a +1 spear of pain (severely wounded, 70% to hit)
You shoot an arrow. The arrow closely misses the gnoll.
The arrow hits the orc!
You kill the orc!
The gnoll hits you from afar with a +1 spear of pain.
* * * LOW HITPOINT WARNING * * *
The gnoll hits you but does no damage.
Fire: a) +1 shortbow
Press: ? - help, Q - select action Shift-Dir - straight line, f/p - gnoll
Aim: a gnoll, wielding a +1 spear of pain (severely wounded, 70% to hit)
You shoot an arrow. The arrow completely misses the gnoll.
The gnoll hits you from afar with a +1 spear of pain!
* * * LOW HITPOINT WARNING * * *
You writhe in agony.
You die...

### ..# #.#
#.# #@# #.#
#g# #)# #.# #
#)# .# #.# .#
# ###.#####.#
...
#..<......#..#


You could see a gnoll.

Vanquished Creatures
  Terence (D:3)
  Robin (D:2)
  2 gnolls
  3 adders
  A worm (D:4)
  3 dart slugs
  5 orcs
  6 ball pythons
  7 giant cockroaches
  14 hobgoblins
  3 kobolds (D:1)
  4 quokkas
  2 bats (D:2)
  2 frilled lizards
  11 goblins
  5 rats
70 creatures vanquished.

Notes
Turn   | Place    | Note
-------+----------+-------------------------------------------
     0 | D:1      | Pimp the Deep Elf Hunter began the quest for the Orb.
     0 | D:1      | Reached XP level 1. HP: 12/12 MP: 3/3
   102 | D:1      | Reached XP level 2. HP: 3/17 MP: 4/4
   174 | D:1      | Found Voal's Distillery.
   273 | D:1      | Got the Secrets of Geometries and the Curse
   762 | D:2      | Reached XP level 3. HP: 21/21 MP: 5/5
  1002 | D:2      | Noticed Robin
  1023 | D:2      | Killed Robin
  1034 | D:2      | Reached XP level 4. HP: 20/26 MP: 6/6
  1079 | D:2      | Found a faded altar of an unknown god.
  1285 | D:2      | Found Urphatuci's General Store.
  1292 | D:2      | Bought a scroll of enchant armour for 82 gold pieces
  1342 | D:2      | Reached skill level 6 in Ranged Weapons
  1673 | D:3      | Noticed Terence
  1684 | D:3      | Killed Terence
  1949 | D:3      | Identified the +1 pair of boots of the Unseen Realm {rElec
                  | Int+4 Dex-4}
  2644 | D:3      | Reached XP level 5. HP: 31/31 MP: 7/7
  2938 | D:4      | HP: 1/31 [gnoll/+1 spear of pain (7)]
  2938 | D:4      | Slain by a gnoll

Illustrated notes

Levels and vault maps discovered:
D:1:      minmay_arrival_cross, layout_basic, serial_shops, shop_statue,
          minmay_octomino_j4
D:2:      layout_basic, shapermc_ecumenical_altar_ellora, serial_shops, shop,
          uniq_robin
D:3:      mumra_celtic_spiral_tile, layout_loops_corners, uniq_terence
D:4:      layout_loops_ring, nicolae_uskayaw_suspiria, serial_shops,
          nicolae_square_shop

Skill      XL: |  1  2  3  4 |
---------------+-------------+-----
Stealth        | 2 3 |  3.4
Dodging        | 3 |  3.9
Fighting       | 2 |  2.5
Ranged Weapons | 6 |  6.3

Action                     |  1- 3 |  4- 6 || total
---------------------------+-------+-------++-------
   Fire: Shortbow          |   106 |    89 ||   195
    Use: Scroll            |     5 |     3 ||     8
 Armour: Leather armour    |    15 |     9 ||    24
  Dodge: Dodged            |    33 |    18 ||    51

Table legend: (Time is in decaauts)
 A = Elapsed time spent in this place.
 B = Non-inter-level travel time spent in this place.
 C = Inter-level travel time spent in this place.
 D = Time resting spent in this place.
 E = Time spent auto-exploring this place.
 F = Levels seen in this place.
 G = Mean time per level.
                   A        B        C        D        E       F      G
               +--------+--------+--------+--------+--------+-----+--------+
         Total |   2971 |   2756 |    215 |    220 |   2137 |   4 |  742.8 |
       Dungeon |   2971 |   2756 |    215 |    220 |   2137 |   4 |  742.8 |
               +--------+--------+--------+--------+--------+-----+--------+

Top non-repeatable levels by time:
     D:3: 1264 daAuts
     D:2: 1055 daAuts
     D:1: 596 daAuts
     D:4: 53 daAuts
